cohdb
Replays
Latest Replays
All Replays
Popular Replays
Top Player Replays
Match Explorer
How It Works
Community
CoH3 Stats
Reddit
Sign in to upload your games and track your stats! →
Sign in with Steam
Match 42781433
Unlisted
Match 42781433
Overview
Messages
Build Orders
End
Construct Barracks
Scout Squad
Riflemen Squad
Riflemen Squad
Grenade Package
Mechanized Support Center
M1 Mortar Team
Construct Motor Pool
M3 75 mm Gun Motor Carriage
Construct Medical Station
M3 75 mm Gun Motor Carriage
Engineer Squad
M3 75 mm Gun Motor Carriage
M3 75 mm Gun Motor Carriage
M3 75 mm Gun Motor Carriage
matrix4x4
Ripsy
0
0
Comments
sign in to comment!
No comments posted yet!